 Dungeon Crawl Stone Soup version 0.30.0-20-g3615ddf2f0 (webtiles) character file.

Game seed: 9454442582320417114

82219 qw the Severer (level 15, -16/105 HPs)
             Began as a Gargoyle Fighter on May 27, 2023.
             Was an Elder of Okawaru.
             Demolished by Saint Roka
             ... wielding a +1 great sword of holy wrath
              (27 damage)
             ... on level 2 of the Orcish Mines.
             The game lasted 00:13:50 (19692 turns).

qw the Severer (Gargoyle Fighter)                  Turns: 19692, Time: 00:13:51

Health: -16/105    AC: 44    Str: 31    XL:     15   Next: 73%
Magic:  21/22      EV: 16    Int:  7    God:    Okawaru [****..]
Gold:   1457       SH: 18    Dex:  9    Spells: 14/14 levels left

rFire   + + +        y - +0 broad axe
rCold   x . .        q - +0 kite shield
rNeg    + . .        i - +9 storm dragon scales of Witufin {rElec rF+++ Regen+ Dex-5}
rPois   inf          r - +1 helmet {SInv}
rElec   +            B - +1 cloak
rCorr   .            c - +0 pair of gloves
SInv    +            (no boots)
Will    +....        u - amulet of reflection Stlth
                     A - ring of Cunufazo {Fire Str+4 Dex+5}
HPRegen 1.17/turn    s - +5 ring of evasion
MPRegen 0.18/turn

%: reflection
@: heroic, flying, unable to read
A: sickness immunity, AC +11, big wings, negative energy resistance 1,
electricity resistance, torment resistance 1, petrification resistance, dopey 1,
robust 1, inability to read after injury 1
a: Renounce Religion, Heroism, Finesse


You were on level 2 of the Orcish Mines.
You worshipped Okawaru.
Okawaru was greatly pleased with you.
You visited 4 branches of the dungeon, and saw 23 of its levels.
You also visited: Sewer.

You collected 1961 gold pieces.
You spent 504 gold pieces at shops.


Innate Abilities, Weirdness & Mutations

You are immune to sickness and miasma.
Your stone body is resilient. (AC +11)
You are immune to poison.
Your large and strong wings let you fly.
You resist negative energy. (rN+)
You are resistant to electric shocks. (rElec)
You are resistant to unholy torment.
You are immune to petrification.
You are dopey. (Int -2)
You are robust. (+10% HP)
You occasionally lose the ability to read scrolls when taking damage.


   Skills:
 - Level 12.0(17.0) Fighting
 + Level 16.1(21.1) Axes
 - Level 6.0(11.0) Throwing
 - Level 11.0(16.0) Armour
 - Level 3.0(8.0) Dodging
 - Level 13.0(18.0) Shields
 - Level 10.0 Invocations


You had 14 spell levels left.
You didn't know any spells.
Your spell library was empty.

Inventory:

Hand Weapons
 o - a +0 morningstar
 y - a +0 broad axe (weapon)
Missiles
 a - 3 boomerangs of dispersal (quivered)
 b - 7 boomerangs
 D - a javelin
Armour
 c - a +0 pair of gloves (worn)
 i - the +9 storm dragon scales of Witufin (worn) {rElec rF+++ Regen+ Dex-5}
   (You acquired it on level 3 of the Dungeon)

   Dex:       It affects your dexterity (-5).
   rF:        It renders you almost immune to fire.
   rElec:     It insulates you from electricity.
   Regen:     It increases your rate of health regeneration.
 q - a +0 kite shield (worn)
 r - a +1 helmet of see invisible (worn)
 B - a +1 cloak (worn)
Jewellery
 k - a ring of fire
 s - a +5 ring of evasion (right hand)
 t - a ring of protection from cold
 u - an amulet of reflection (around neck)
 v - a ring of resist corrosion
 w - a ring of resist corrosion
 x - a ring of willpower
 A - the ring of Cunufazo (left hand) {Fire Str+4 Dex+5}
   (You found it on level 5 of the Lair of Beasts)

   [ring of fire]

   It enhances your fire magic.
   Str:       It affects your strength (+4).
   Dex:       It affects your dexterity (+5).
   rF:        It protects you from fire.
   rC:        It makes you vulnerable to cold.
Scrolls
 j - 8 scrolls of identify
 n - 11 scrolls of teleportation
Potions
 d - 10 potions of might
 e - 4 potions of haste
 f - 9 potions of curing
 g - 6 potions of lignification
 l - 5 potions of attraction
 m - 4 potions of mutation
 p - a potion of magic
 z - 3 potions of resistance
 C - 2 potions of cancellation

Dungeon Overview and Level Annotations

Branches:
Dungeon (15/15)            Temple (1/1) D:5            Lair (5/5) D:10
 Shoals (0/4) Lair:2       Spider (0/4) Lair:3        Slime (0/5) Lair:5
    Orc (2/2) D:12         Vaults (0/5) D:13         Depths (0/4) D:15
  Sewer (visited)
    Elf: Orc:2

Altars:
Ashenzari
Cheibriados
Dithmenos
Elyvilon
Fedhas
Gozag
Hepliaklqana
Kikubaaqudgha
Makhleb
Nemelex Xobeh
Okawaru
Qazlal
Ru
Sif Muna
Trog
Uskayaw
Vehumet
Wu Jian
Xom
Yredelemnul
Zin
The Shining One
Jiyva

Shops:
D:9 :[(=

Portals:
Trove: D:13 (give +4 fire dragon scales)

Annotations:
Lair:1 1 runed translucent door, Beischinu's ghost, journeyman MiFi
Orc:2 Saint Roka


Message History

You gain the combat prowess of a mighty hero.
Saint Roka invokes the aid of Beogh against you.
Beogh smites you! The orc hits you but does no damage.
You block the orc priest's attack.
Saint Roka roars a battlecry!
The orc goes into a battle-frenzy!
You slice the orc priest!!
You kill the orc priest!
Okawaru accepts your kill.
You closely miss the orc. You slice the orc!!
You kill the orc!
You block the orc's attack.
You hit the orc.
The orc is moderately wounded.
You slash the orc!
You kill the orc!
You hit Saint Roka but do no damage.
Saint Roka calls down the wrath of Beogh upon you.
Beogh smites you!
You barely miss Saint Roka. You block Saint Roka's attack.
You hit Saint Roka.
Saint Roka is lightly wounded.
You closely miss the orc wizard. You block Saint Roka's attack.
An orc knight comes into view. It is wielding a +2 broad axe.
You block the orc wizard's attack.
You slice Saint Roka!!
Saint Roka is lightly wounded.
You hit the orc wizard but do no damage.
You hit the orc.
Saint Roka roars a battlecry!
The orc knight goes into a battle-frenzy!
You hit Saint Roka but do no damage.
Saint Roka is lightly wounded.
You barely miss the orc. You hit the orc wizard.
Saint Roka is no longer moving quickly.
The orc wizard no longer looks unusually strong.
Saint Roka hits you with a +1 great sword of holy wrath!!
You die...

.......... ......o
###.......... .......
............ #.....
........... #.....
#.......... #..(..
#.......... #8...8####
#..))......
#...(o#..####.)))#.....
#..(o@#.......)......#
##..o).#....).......##
####.#...[#......###
#...#.)....#....#
##.###)....#...##
###).##....#.##
#.)..##..####
##))##^..######
#...)#..##.##.##


You could see Saint Roka, an orc knight (strong), an orc wizard (invisible) and
an orc (strong).

Vanquished Creatures
  Kirke (D:12)
  A dire elephant (D:15)
  6 hydras
  A merfolk avatar (Lair:5)
  Erica (Lair:1)
  4 boulder beetles
  A two-headed ogre (D:14)
  2 dancing weapons (D:13)
  7 death yaks (Lair:5)
  2 centaur warriors
  A tengu warrior (D:14)
  2 orc high priests
  4 sea snakes (Lair:5)
  A lindwurm (Lair:5)
  4 deep elf pyromancers
  4 orc knights
  A lindwurm (shapeshifter) (D:15)
  2 wolf spiders
  14 ugly things
  5 orc sorcerers
  A manticore (D:14)
  A salamander (D:15)
  6 cyclopes
  17 elephants
  5 black mambas
  6 cane toads
  4 gargoyles
  2 torpor snails (Lair:5)
  An unseen horror (D:11)
  2 efreet
  6 rime drakes
  5 komodo dragons
  2 yaktaurs
  2 ice devils (D:11)
  3 tengu conjurers
  6 trolls
  4 polar bears
  A snapping turtle (Lair:5)
  13 blink frogs
  2 hornets
  3 jumping spiders (Lair:3)
  4 dream sheep (Lair:5)
  12 slime creatures
  2 culicivoras (Lair:3)
  7 wyverns
  Sigmund (D:2)
  26 yaks
  5 hogs (D:12)
  9 basilisks
  3 redbacks (Lair:3)
  6 steam dragons
  15 vampire mosquitoes
  3 wargs
  Menkaure (D:4)
  An acid dragon (D:14)
  28 water moccasins
  A meliai simulacrum (D:15)
  25 orc warriors
  A swamp drake (Lair:3)
  2 ice beasts
  A sky beast (D:8)
  2 black bears
  A tengu (shapeshifter) (D:14)
  4 ogres
  12 centaurs
  9 wolves
  A phantom (D:4)
  4 gnoll sergeants (D:6)
  10 bullfrogs
  3 scorpions
  9 wights
  7 killer bees
  A howler monkey (D:9)
  2 electric eels
  5 jellies
  18 orc priests
  2 gnoll boudas (D:6)
  6 hounds
  Ijyb (D:5)
  6 iguanas
  A sleepcap (D:5)
  18 orc wizards
  Natasha (thrice) (D:2)
  A sickly merfolk siren (Sewer)
  7 hell rats (D:15)
  A malarious merfolk avatar (Sewer)
  15 gnolls
  18 adders
  3 river rats (Sewer)
  2 shadow imps
  2 white imps
  5 worms
  2 dart slugs
  95 orcs
  5 bats
  8 endoplasms
  9 giant cockroaches
  2 goblins
  9 hobgoblins
  3 jackals (D:6)
  11 kobolds
  5 quokkas
  16 ball pythons
  6 frilled lizards
  25 rats
684 creatures vanquished.

Vanquished Creatures (others)
  An elephant (Lair:5)
  2 orc wizards
3 creatures vanquished.

Grand Total: 687 creatures vanquished

Notes
Turn   | Place    | Note
-------+----------+-------------------------------------------
     0 | D:1      | qw the Gargoyle Fighter began the quest for the Orb.
     0 | D:1      | Reached XP level 1. HP: 14/14 MP: 1/1
     0 | D:1      | 0 ||| qw: Version: 0.2-a-99-gce666ed
     0 | D:1      | 0 ||| qw: Game counter: 163
     0 | D:1      | 0 ||| qw: Always use a shield: true
     0 | D:1      | 0 ||| qw: God list: Okawaru
     0 | D:1      | 0 ||| qw: Allow faded altars: false
     0 | D:1      | 0 ||| qw: Do Orc after D:15 true
     0 | D:1      | 0 ||| qw: Do second Lair branch before Depths: true
     0 | D:1      | 0 ||| qw: Lair rune preference: random
     0 | D:1      | 0 ||| qw: Plans: Normal, Zot:1-4, God:TSO, Crypt, Tomb,
                  | Pan, Slime:5, Hells, Abyss, Win
     0 | D:1      | 0 ||| PLANNING D:1-11
    10 | D:1      | 10 ||| Stepping ~*~*~tactically~*~*~ (hiding).
    20 | D:1      | Reached skill level 2 in Axes
    28 | D:1      | 28 ||| Stepping ~*~*~tactically~*~*~ (stealth).
    40 | D:1      | 40 ||| Stepping ~*~*~tactically~*~*~ (stealth).
    59 | D:1      | Reached XP level 2. HP: 19/19 MP: 2/2
    61 | D:1      | 61 ||| Stepping ~*~*~tactically~*~*~ (stealth).
    86 | D:1      | 86 ||| Stepping ~*~*~tactically~*~*~ (hiding).
   480 | D:1      | 480 ||| DROPPING ring of wizardry.
   481 | D:1      | 481 ||| READING scroll labelled JUTODU TOCE.
   482 | D:1      | 482 ||| DRINKING 3 clear potions.
   483 | D:1      | 483 ||| DRINKING 3 emerald potions.
   484 | D:1      | 484 ||| DRINKING 2 sapphire potions.
   485 | D:1      | 485 ||| DROPPING potion of flight.
   528 | D:2      | Reached skill level 3 in Axes
   528 | D:2      | Reached XP level 3. HP: 23/23 MP: 3/3
   652 | D:2      | Noticed Sigmund
   653 | D:2      | 653 ||| Stepping ~*~*~tactically~*~*~ (hiding).
   661 | D:2      | 661 ||| DRINKING 3 potions of curing.
   661 | D:2      | 661 ||| (to cure confusion)
   666 | D:2      | Killed Sigmund
   667 | D:2      | Reached skill level 5 in Axes
   667 | D:2      | Reached XP level 4. HP: 22/28 MP: 4/4
   667 | D:2      | Reached XP level 5. HP: 25/32 MP: 5/5
   777 | D:2      | Noticed Natasha
   782 | D:2      | Killed Natasha
   877 | D:2      | Noticed Natasha
   887 | D:2      | 887 ||| Stepping ~*~*~tactically~*~*~ (stealth).
   891 | D:2      | Killed Natasha
   892 | D:2      | Reached XP level 6. HP: 37/38 MP: 6/6
  1050 | D:2      | 1050 ||| Stepping ~*~*~tactically~*~*~ (hiding).
  1051 | D:2      | 1051 ||| Stepping ~*~*~tactically~*~*~ (hiding).
  1053 | D:2      | 1053 ||| Stepping ~*~*~tactically~*~*~ (hiding).
  1055 | D:2      | 1055 ||| Stepping ~*~*~tactically~*~*~ (hiding).
  1057 | D:2      | 1057 ||| Stepping ~*~*~tactically~*~*~ (hiding).
  1173 | D:2      | Noticed Natasha
  1174 | D:2      | 1174 ||| Stepping ~*~*~tactically~*~*~ (hiding).
  1179 | D:2      | Killed Natasha
  1396 | D:2      | 1396 ||| UPGRADING to +0 chain mail.
  1406 | D:2      | 1406 ||| DROPPING +0 scale mail.
  1407 | D:2      | 1407 ||| UPGRADING to +0 plate armour.
  1417 | D:2      | 1417 ||| DROPPING +0 chain mail.
  1418 | D:2      | 1418 ||| READING 3 scrolls labelled POMINE BIAQ.
  1419 | D:2      | 1419 ||| READING scroll labelled EHAATHRUIJU.
  1420 | D:2      | 1420 ||| READING scroll labelled BEUTUS YFOIB.
  1421 | D:2      | 1421 ||| READING 2 scrolls of identify.
  1421 | D:2      | 1421 ||| IDENTIFYING metallic green potion
  1503 | D:3      | 1503 ||| Stepping ~*~*~tactically~*~*~ (stealth).
  1529 | D:3      | Found a basalt altar of Yredelemnul.
  1574 | D:3      | 1574 ||| DROPPING +0 whip.
  1993 | D:3      | Found a hazy altar of Hepliaklqana.
  2371 | D:3      | 2371 ||| READING scroll labelled IRATAC HYJUKU.
  2371 | D:3      | Identified a scroll of acquirement
  2371 | D:3      | 2371 ||| ACQUIRING +9 storm dragon scales of Witufin {rElec
                  | rF+++ Regen+ Dex-5}
  2371 | D:3      | Acquired the +9 storm dragon scales of Witufin {rElec rF+++
                  | Regen+ Dex-5}
  2373 | D:3      | 2373 ||| UPGRADING to +9 storm dragon scales of Witufin
                  | {rElec rF+++ Regen+ Dex-5}.
  2383 | D:3      | 2383 ||| DROPPING +0 plate armour.
  2384 | D:3      | 2384 ||| READING 2 scrolls of identify.
  2384 | D:3      | 2384 ||| IDENTIFYING fuming blue potion
  2414 | D:4      | Noticed Menkaure
  2415 | D:4      | 2415 ||| PLANNING SEWER
  2423 | D:4      | Killed Menkaure
  2424 | D:4      | Reached skill level 6 in Axes
  2424 | D:4      | 2424 ||| FLEEEEING.
  2425 | D:4      | 2425 ||| FLEEEEING.
  2426 | D:4      | 2426 ||| FLEEEEING.
  2427 | D:4      | 2427 ||| STAIRDANCE
  2440 | D:4      | Reached XP level 7. HP: 43/43 MP: 7/7
  2446 | D:4      | Found a glowing silver altar of Zin.
  2548 | D:4      | 2548 ||| Stepping ~*~*~tactically~*~*~ (stealth).
  2641 | D:4      | Reached skill level 7 in Axes
  2658 | D:4      | Found a radiant altar of Vehumet.
  2745 | D:4      | 2745 ||| Stepping ~*~*~tactically~*~*~ (stealth).
  2747 | D:4      | 2747 ||| Stepping ~*~*~tactically~*~*~ (stealth).
  2770 | D:4      | Found a blossoming altar of Fedhas.
  2857 | D:4      | Found a glowing drain.
  2858 | D:4      | 2858 ||| READING scroll labelled TOBRESIL CUSH.
  2861 | D:4      | 2861 ||| DRINKING 2 dark potions.
  2868 | D:4      | 2868 ||| Stepping ~*~*~tactically~*~*~ (water).
  2885 | Sewer    | Entered a sewer
  2888 | Sewer    | 2888 ||| Stepping ~*~*~tactically~*~*~ (water).
  2988 | Sewer    | Reached skill level 1 in Throwing
  3301 | D:4      | 3301 ||| PLANNING D:1-11
  3578 | D:4      | Reached XP level 8. HP: 49/49 MP: 8/8
  3812 | D:4      | 3812 ||| READING scroll labelled IQULAL YRGHA.
  3813 | D:4      | 3813 ||| DRINKING 2 fizzy grey potions.
  3814 | D:4      | 3814 ||| DROPPING potion of degeneration.
  3911 | D:5      | Entered Level 5 of the Dungeon
  3962 | D:5      | 3962 ||| Stepping ~*~*~tactically~*~*~ (stealth).
  3963 | D:5      | 3963 ||| Stepping ~*~*~tactically~*~*~ (stealth).
  3997 | D:5      | 3997 ||| Stepping ~*~*~tactically~*~*~ (stealth).
  4002 | D:5      | 4002 ||| Stepping ~*~*~tactically~*~*~ (hiding).
  4188 | D:5      | 4188 ||| Stepping ~*~*~tactically~*~*~ (hiding).
  4204 | D:5      | Reached skill level 8 in Axes
  4269 | D:5      | Noticed Ijyb
  4283 | D:5      | Killed Ijyb
  4284 | D:5      | Reached skill level 1 in Dodging
  4516 | D:5      | 4516 ||| Stepping ~*~*~tactically~*~*~ (hiding).
  4559 | D:5      | Found a staircase to the Ecumenical Temple.
  4560 | D:5      | 4560 ||| PLANNING TEMPLE
  4560 | D:5      | 4560 ||| READING scroll labelled ZYITRI MOD PIWK.
  4564 | D:5      | 4564 ||| Stepping ~*~*~tactically~*~*~ (stealth).
  4574 | D:5      | 4574 ||| Stepping ~*~*~tactically~*~*~ (stealth).
  4576 | D:5      | 4576 ||| Stepping ~*~*~tactically~*~*~ (hiding).
  4579 | D:5      | 4579 ||| Stepping ~*~*~tactically~*~*~ (hiding).
  4589 | D:5      | 4589 ||| Stepping ~*~*~tactically~*~*~ (stealth).
  4634 | D:5      | Reached skill level 6 in Fighting
  4637 | Temple   | Entered the Ecumenical Temple
  4780 | Temple   | 4780 ||| PLANNING D:1-11
  4815 | D:5      | Identified the +3 hand axe of Demonkind {antimagic, Will-
                  | Int+6}
  4817 | D:5      | 4817 ||| DROPPING +3 hand axe of Demonkind {antimagic,
                  | Will- Int+6}.
  5124 | D:5      | 5124 ||| READING scroll labelled ERIUTAFUPP.
  5153 | D:6      | Found an iron altar of Okawaru.
  5154 | D:6      | 5154 ||| PLANNING OKAWARU WORSHIP
  5162 | D:6      | Became a worshipper of Warmaster Okawaru
  5162 | D:6      | 5162 ||| PLANNING D:1-11
  5202 | D:6      | 5202 ||| Stepping ~*~*~tactically~*~*~ (stealth).
  5204 | D:6      | 5204 ||| Stepping ~*~*~tactically~*~*~ (stealth).
  5217 | D:6      | Reached XP level 9. HP: 47/55 MP: 9/9
  5249 | D:6      | Reached skill level 9 in Axes
  5252 | D:6      | HP: 12/55 [gnoll/+0 halberd (5)]
  5253 | D:6      | 5253 ||| READING 3 scrolls of teleportation.
  5254 | D:6      | 5254 ||| DRINKING 4 potions of heal wounds.
  5361 | D:6      | 5361 ||| FLEEEEING.
  5389 | D:6      | 5389 ||| Stepping ~*~*~tactically~*~*~ (stealth).
  5426 | D:6      | Reached * piety under Okawaru
  5519 | D:6      | 5519 ||| Stepping ~*~*~tactically~*~*~ (hiding).
  5555 | D:6      | Reached skill level 1 in Invocations
  5586 | D:6      | 5586 ||| INVOKING Heroism.
  5739 | D:6      | 5739 ||| INVOKING Heroism.
  5756 | D:6      | Found a hide-covered altar of Uskayaw.
  5756 | D:6      | Found a burning altar of Makhleb.
  5759 | D:6      | Found an opulent altar of Gozag.
  5760 | D:6      | Found a shimmering altar of Xom.
  5884 | D:6      | Identified the +2 robe of Laewas {rF+ Dex-3 Slay+3}
  5911 | D:6      | 5911 ||| UPGRADING to +0 kite shield.
  5921 | D:6      | 5921 ||| DROPPING +0 buckler.
  5922 | D:6      | 5922 ||| UPGRADING to ring of resist corrosion.
  5923 | D:6      | 5923 ||| DRINKING 2 fizzy blue potions.
  5923 | D:6      | Gained mutation: You are dopey. (Int -2) [potion of
                  | mutation]
  5923 | D:6      | Gained mutation: You are robust. (+10% HP) [potion of
                  | mutation]
  5967 | D:7      | 5967 ||| Stepping ~*~*~tactically~*~*~ (stealth).
  5969 | D:7      | 5969 ||| Stepping ~*~*~tactically~*~*~ (hiding).
  6163 | D:7      | 6163 ||| INVOKING Heroism.
  6234 | D:7      | Reached skill level 3 in Invocations
  6244 | D:7      | 6244 ||| Stepping ~*~*~tactically~*~*~ (hiding).
  6245 | D:7      | 6245 ||| INVOKING Heroism.
  6338 | D:7      | 6338 ||| INVOKING Heroism.
  6551 | D:7      | 6551 ||| READING scroll labelled VYSYEM SUMUAHU.
  6552 | D:7      | 6552 ||| READING 2 scrolls of identify.
  6552 | D:7      | 6552 ||| IDENTIFYING fuming puce potion
  6810 | D:8      | Reached skill level 6 in Shields
  6811 | D:8      | 6811 ||| INVOKING Heroism.
  6821 | D:8      | Reached XP level 10. HP: 69/69 MP: 11/13
  6989 | D:8      | 6989 ||| FLEEEEING.
  6990 | D:8      | 6990 ||| FLEEEEING.
  6991 | D:8      | 6991 ||| FLEEEEING.
  6992 | D:8      | 6992 ||| FLEEEEING.
  6993 | D:8      | 6993 ||| FLEEEEING.
  6994 | D:8      | 6994 ||| FLEEEEING.
  6999 | D:8      | 6999 ||| Stepping ~*~*~tactically~*~*~ (stealth).
  7000 | D:8      | 7000 ||| Stepping ~*~*~tactically~*~*~ (hiding).
  7001 | D:8      | 7001 ||| Stepping ~*~*~tactically~*~*~ (hiding).
  7266 | D:8      | 7266 ||| UPGRADING to +0 helmet of see invisible.
  7271 | D:8      | 7271 ||| DROPPING amulet of guardian spirit.
  7272 | D:8      | 7272 ||| READING 2 scrolls labelled JOXYMP TIPNYB.
  7273 | D:8      | 7273 ||| READING scroll of enchant armour.
  7273 | D:8      | 7273 ||| ENCHANTING +0 helmet of see invisible.
  7359 | D:9      | Reached ** piety under Okawaru
  7438 | D:9      | Found Gidogg's Jewellery Emporium.
  7449 | D:9      | 7449 ||| BUYING +5 ring of evasion (504 gold).
  7449 | D:9      | Bought a +5 ring of evasion for 504 gold pieces
  7449 | D:9      | 7449 ||| SHOPLISTING ring of protection from cold (350
                  | gold, have 25).
  7449 | D:9      | 7449 ||| SHOPLISTING ring of resist corrosion (280 gold,
                  | have 25).
  7463 | D:9      | Identified the +2 arbalest "Cigh" {heavy, rF+ Str-3 Dex+4}
  7480 | D:9      | 7480 ||| INVOKING Heroism.
  7495 | D:9      | 7495 ||| Stepping ~*~*~tactically~*~*~ (stealth).
  7506 | D:9      | 7506 ||| Stepping ~*~*~tactically~*~*~ (stealth).
  7507 | D:9      | 7507 ||| Stepping ~*~*~tactically~*~*~ (hiding).
  7508 | D:9      | 7508 ||| INVOKING Heroism.
  7509 | D:9      | 7509 ||| Stepping ~*~*~tactically~*~*~ (hiding).
  7510 | D:9      | 7510 ||| Stepping ~*~*~tactically~*~*~ (hiding).
  7519 | D:9      | 7519 ||| Stepping ~*~*~tactically~*~*~ (hiding).
  7684 | D:9      | Found Tovifuv's Weapon Emporium.
  7693 | D:9      | 7693 ||| SHOPLISTING +12 hand axe of Deformation {speed,
                  | rPois rC- Dex+2} (928 gold, have 38).
  7693 | D:9      | 7693 ||| SHOPLISTING +3 war axe (246 gold, have 38).
  7713 | D:9      | Found Plog's Armour Shoppe.
  7713 | D:9      | Found Roum's Book Shop.
  7721 | D:9      | 7721 ||| SHOPLISTING +0 cloak (49 gold, have 38).
  7771 | D:9      | 7771 ||| Stepping ~*~*~tactically~*~*~ (stealth).
  7773 | D:9      | 7773 ||| Stepping ~*~*~tactically~*~*~ (hiding).
  7789 | D:9      | 7789 ||| Stepping ~*~*~tactically~*~*~ (stealth).
  7791 | D:9      | 7791 ||| Stepping ~*~*~tactically~*~*~ (hiding).
  7796 | D:9      | 7796 ||| INVOKING Heroism.
  7946 | D:9      | 7946 ||| UPGRADING to +0 pair of gloves.
  7951 | D:9      | 7951 ||| UPGRADING to +5 ring of evasion.
  7952 | D:9      | 7952 ||| READING 2 scrolls labelled VEPONLIZOD.
  7953 | D:9      | 7953 ||| READING scroll labelled VAOWUSTR GEHIG.
  7966 | D:9      | 7966 ||| DROPPING scroll of blinking.
  7990 | D:10     | Entered Level 10 of the Dungeon
  8049 | D:10     | 8049 ||| INVOKING Heroism.
  8053 | D:10     | Reached skill level 6 in Armour
  8056 | D:10     | Noticed a gargoyle
  8065 | D:10     | Reached skill level 9 in Shields
  8073 | D:10     | Killed a gargoyle
  8081 | D:10     | 8081 ||| INVOKING Heroism.
  8250 | D:10     | 8250 ||| INVOKING Heroism.
  8302 | D:10     | 8302 ||| INVOKING Heroism.
  8370 | D:10     | 8370 ||| INVOKING Heroism.
  8372 | D:10     | Reached skill level 10 in Axes
  8495 | D:10     | Found a staircase to the Lair.
  8496 | D:10     | 8496 ||| INVOKING Heroism.
  8629 | D:10     | 8629 ||| PLANNING LAIR
  8629 | D:10     | 8629 ||| UPGRADING to amulet of reflection.
  8674 | Lair:1   | Entered Level 1 of the Lair of Beasts
  8677 | Lair:1   | Found a runed translucent door.
  8680 | Lair:1   | Noticed Beischinu's ghost (journeyman MiFi)
  8682 | Lair:1   | Noticed a spriggan rider
  8682 | Lair:1   | Identified the +2 trident of Atyeps {freeze, rF+ rC-
                  | Stlth+}
  8689 | Lair:1   | Noticed Erica
  8690 | Lair:1   | 8690 ||| DRINKING 7 potions of curing.
  8690 | Lair:1   | 8690 ||| (to cure confusion)
  8691 | Lair:1   | 8691 ||| INVOKING Heroism.
  8695 | Lair:1   | 8695 ||| DRINKING 6 potions of curing.
  8695 | Lair:1   | 8695 ||| (to cure confusion)
  8704 | Lair:1   | 8704 ||| DRINKING 5 potions of curing.
  8704 | Lair:1   | 8704 ||| (to cure confusion)
  8714 | Lair:1   | Killed Erica
  8715 | Lair:1   | Reached XP level 11. HP: 49/74 MP: 14/14
  8716 | Lair:1   | 8716 ||| INVOKING Heroism.
  8750 | Lair:1   | 8750 ||| Stepping ~*~*~tactically~*~*~ (stealth).
  8772 | Lair:1   | 8772 ||| Stepping ~*~*~tactically~*~*~ (stealth).
  8776 | Lair:1   | 8776 ||| INVOKING Heroism.
  8833 | Lair:1   | 8833 ||| INVOKING Heroism.
  8872 | Lair:1   | 8872 ||| Stepping ~*~*~tactically~*~*~ (stealth).
  8894 | Lair:1   | Reached *** piety under Okawaru
  9193 | Lair:1   | 9193 ||| Stepping ~*~*~tactically~*~*~ (stealth).
  9211 | Lair:1   | Reached **** piety under Okawaru
  9212 | Lair:1   | Reached skill level 11 in Axes
  9302 | Lair:1   | 9302 ||| Stepping ~*~*~tactically~*~*~ (hiding).
  9814 | Lair:1   | 9814 ||| UPGRADING to ring of willpower.
  9816 | Lair:1   | 9816 ||| UPGRADING to ring of protection from cold.
 10015 | Lair:2   | 10015 ||| INVOKING Heroism.
 10019 | Lair:2   | 10019 ||| Stepping ~*~*~tactically~*~*~ (stealth).
 10027 | Lair:2   | 10027 ||| INVOKING Heroism.
 10041 | Lair:2   | Reached skill level 6 in Invocations
 10054 | Lair:2   | 10054 ||| Stepping ~*~*~tactically~*~*~ (hiding).
 10067 | Lair:2   | 10067 ||| INVOKING Heroism.
 10170 | Lair:2   | Found a staircase to the Shoals.
 10254 | Lair:2   | 10254 ||| INVOKING Heroism.
 10259 | Lair:2   | Reached XP level 12. HP: 81/82 MP: 13/17
 10353 | Lair:2   | 10353 ||| INVOKING Heroism.
 10561 | Lair:2   | 10561 ||| DRINKING 2 bubbling inky potions.
 10562 | Lair:2   | 10562 ||| DROPPING potion of brilliance.
 10612 | Lair:3   | Received a gift from Okawaru
 10718 | Lair:3   | Found a hole to the Spider Nest.
 10731 | Lair:3   | 10731 ||| INVOKING Heroism.
 10740 | Lair:3   | Reached skill level 9 in Fighting
 10876 | Lair:3   | 10876 ||| INVOKING Heroism.
 10889 | Lair:3   | 10889 ||| Stepping ~*~*~tactically~*~*~ (stealth).
 10910 | Lair:3   | 10910 ||| INVOKING Heroism.
 11030 | Lair:3   | 11030 ||| INVOKING Heroism.
 11051 | Lair:3   | Received a gift from Okawaru
 11076 | Lair:3   | 11076 ||| Stepping ~*~*~tactically~*~*~ (stealth).
 11203 | Lair:3   | 11203 ||| Stepping ~*~*~tactically~*~*~ (stealth).
 11205 | Lair:3   | 11205 ||| Stepping ~*~*~tactically~*~*~ (stealth).
 11222 | Lair:3   | 11222 ||| Stepping ~*~*~tactically~*~*~ (stealth).
 11251 | Lair:3   | Reached skill level 9 in Invocations
 11393 | Lair:3   | 11393 ||| Stepping ~*~*~tactically~*~*~ (stealth).
 11394 | Lair:3   | 11394 ||| Stepping ~*~*~tactically~*~*~ (stealth).
 11395 | Lair:3   | 11395 ||| Stepping ~*~*~tactically~*~*~ (stealth).
 11403 | Lair:3   | Reached ***** piety under Okawaru
 11543 | Lair:3   | Reached skill level 12 in Axes
 11769 | Lair:3   | 11769 ||| Stepping ~*~*~tactically~*~*~ (stealth).
 11814 | Lair:3   | 11814 ||| Stepping ~*~*~tactically~*~*~ (stealth).
 11843 | Lair:3   | 11843 ||| INVOKING Heroism.
 12027 | Lair:3   | 12027 ||| READING 5 scrolls of identify.
 12027 | Lair:3   | 12027 ||| IDENTIFYING glowing orange potion
 12072 | Lair:4   | 12072 ||| INVOKING Heroism.
 12112 | Lair:4   | 12112 ||| Stepping ~*~*~tactically~*~*~ (stealth).
 12114 | Lair:4   | 12114 ||| Stepping ~*~*~tactically~*~*~ (stealth).
 12127 | Lair:4   | Reached XP level 13. HP: 88/88 MP: 20/20
 12132 | Lair:4   | 12132 ||| Stepping ~*~*~tactically~*~*~ (stealth).
 12257 | Lair:4   | Received a gift from Okawaru
 12773 | Lair:4   | 12773 ||| INVOKING Heroism.
 12882 | Lair:4   | 12882 ||| UPGRADING to +0 cloak.
 12906 | Lair:5   | Entered Level 5 of the Lair of Beasts
 12910 | Lair:5   | 12910 ||| Stepping ~*~*~tactically~*~*~ (stealth).
 13067 | Lair:5   | 13067 ||| Stepping ~*~*~tactically~*~*~ (stealth).
 13070 | Lair:5   | 13070 ||| Stepping ~*~*~tactically~*~*~ (stealth).
 13072 | Lair:5   | 13072 ||| INVOKING Heroism.
 13073 | Lair:5   | 13073 ||| INVOKING Finesse.
 13075 | Lair:5   | 13075 ||| Stepping ~*~*~tactically~*~*~ (stealth).
 13089 | Lair:5   | Reached skill level 9 in Armour
 13141 | Lair:5   | 13141 ||| INVOKING Heroism.
 13193 | Lair:5   | 13193 ||| INVOKING Heroism.
 13196 | Lair:5   | Received a gift from Okawaru
 13203 | Lair:5   | 13203 ||| INVOKING Finesse.
 13230 | Lair:5   | 13230 ||| INVOKING Heroism.
 13248 | Lair:5   | 13248 ||| Stepping ~*~*~tactically~*~*~ (water).
 13319 | Lair:5   | Received a gift from Okawaru
 13320 | Lair:5   | Reached skill level 13 in Axes
 13345 | Lair:5   | Found a staircase to the Slime Pits.
 13346 | Lair:5   | 13346 ||| Stepping ~*~*~tactically~*~*~ (hiding).
 13352 | Lair:5   | 13352 ||| INVOKING Heroism.
 13361 | Lair:5   | 13361 ||| Stepping ~*~*~tactically~*~*~ (stealth).
 13365 | Lair:5   | 13365 ||| Stepping ~*~*~tactically~*~*~ (stealth).
 13367 | Lair:5   | 13367 ||| Stepping ~*~*~tactically~*~*~ (stealth).
 13380 | Lair:5   | 13380 ||| SWAPPING to +2 flail of protection.
 13391 | Lair:5   | 13391 ||| INVOKING Heroism.
 13395 | Lair:5   | 13395 ||| SWAPPING to +1 war axe.
 13402 | Lair:5   | 13402 ||| SWAPPING to +2 flail of protection.
 13405 | Lair:5   | 13405 ||| SWAPPING to +1 war axe.
 13411 | Lair:5   | 13411 ||| SWAPPING to +2 flail of protection.
 13412 | Lair:5   | 13412 ||| INVOKING Finesse.
 13431 | Lair:5   | 13431 ||| SWAPPING to +1 war axe.
 13451 | Lair:5   | 13451 ||| Stepping ~*~*~tactically~*~*~ (stealth).
 13452 | Lair:5   | 13452 ||| Stepping ~*~*~tactically~*~*~ (stealth).
 13463 | Lair:5   | 13463 ||| Stepping ~*~*~tactically~*~*~ (stealth).
 13469 | Lair:5   | 13469 ||| Stepping ~*~*~tactically~*~*~ (stealth).
 13472 | Lair:5   | 13472 ||| INVOKING Heroism.
 13499 | Lair:5   | 13499 ||| INVOKING Finesse.
 13526 | Lair:5   | Reached skill level 14 in Axes
 13564 | Lair:5   | Found a viscous altar of Jiyva.
 13614 | Lair:5   | 13614 ||| INVOKING Heroism.
 13615 | Lair:5   | 13615 ||| INVOKING Finesse.
 13616 | Lair:5   | 13616 ||| INVOKING Finesse.
 13625 | Lair:5   | 13625 ||| Stepping ~*~*~tactically~*~*~ (hiding).
 13632 | Lair:5   | Gained mutation: Your large and strong wings let you fly.
                  | [Gargoyle growth]
 13632 | Lair:5   | Reached XP level 14. HP: 96/96 MP: 15/21
 13842 | Lair:5   | Identified the staff of poison "Toca" {Drain rPois rF++
                  | MP+9 Stlth+}
 13843 | Lair:5   | Identified the ring of Cunufazo {Fire Str+4 Dex+5}
 14053 | Lair:5   | 14053 ||| INVOKING Heroism.
 14055 | Lair:5   | 14055 ||| INVOKING Finesse.
 14296 | Lair:5   | 14296 ||| PLANNING D:1-11
 14296 | Lair:5   | 14296 ||| UPGRADING to ring of Cunufazo {Fire Str+4 Dex+5}.
 14534 | D:11     | You are sucked into a shaft and drop 1 floor!
 14560 | D:12     | 14560 ||| Stepping ~*~*~tactically~*~*~ (hiding).
 14562 | D:12     | 14562 ||| Stepping ~*~*~tactically~*~*~ (hiding).
 14611 | D:12     | 14611 ||| INVOKING Heroism.
 14612 | D:12     | 14612 ||| INVOKING Finesse.
 14705 | D:12     | Noticed Kirke
 14706 | D:12     | 14706 ||| Stepping ~*~*~tactically~*~*~ (hiding).
 14707 | D:12     | 14707 ||| Stepping ~*~*~tactically~*~*~ (hiding).
 14708 | D:12     | 14708 ||| Stepping ~*~*~tactically~*~*~ (hiding).
 14709 | D:12     | 14709 ||| INVOKING Heroism.
 14713 | D:12     | 14713 ||| DRINKING 2 potions of cancellation.
 14715 | D:12     | 14715 ||| DRINKING potion of cancellation.
 14716 | D:12     | 14716 ||| Stepping ~*~*~tactically~*~*~ (hiding).
 14727 | D:12     | Received a gift from Okawaru
 14730 | D:12     | 14730 ||| INVOKING Heroism.
 14738 | D:12     | Killed Kirke
 14741 | D:12     | Received a gift from Okawaru
 14757 | D:12     | 14757 ||| Stepping ~*~*~tactically~*~*~ (hiding).
 14778 | D:12     | 14778 ||| Stepping ~*~*~tactically~*~*~ (hiding).
 14781 | D:12     | 14781 ||| Stepping ~*~*~tactically~*~*~ (hiding).
 14840 | D:12     | 14840 ||| Stepping ~*~*~tactically~*~*~ (stealth).
 14861 | D:12     | Found a staircase to the Orcish Mines.
 14896 | D:12     | 14896 ||| READING scroll labelled CUUKAI SUESEAL.
 15259 | D:11     | 15259 ||| Stepping ~*~*~tactically~*~*~ (stealth).
 15261 | D:11     | 15261 ||| Stepping ~*~*~tactically~*~*~ (stealth).
 15262 | D:11     | 15262 ||| Stepping ~*~*~tactically~*~*~ (stealth).
 15401 | D:11     | 15401 ||| Stepping ~*~*~tactically~*~*~ (stealth).
 15414 | D:11     | 15414 ||| INVOKING Heroism.
 15499 | D:11     | 15499 ||| PLANNING D
 15499 | D:11     | 15499 ||| UPGRADING to +1 cloak.
 15509 | D:11     | 15509 ||| DROPPING +0 cloak.
 15510 | D:11     | 15510 ||| READING 7 scrolls of identify.
 15510 | D:11     | 15510 ||| IDENTIFYING puce potion
 15511 | D:11     | 15511 ||| DROPPING potion of ambrosia.
 15562 | D:12     | Reached skill level 12 in Shields
 15818 | D:12     | 15818 ||| DROPPING +1 cloak.
 15819 | D:12     | 15819 ||| READING 7 scrolls of identify.
 15819 | D:12     | 15819 ||| IDENTIFYING viscous ruby potion
 15891 | D:13     | 15891 ||| Stepping ~*~*~tactically~*~*~ (hiding).
 15922 | D:13     | 15922 ||| Stepping ~*~*~tactically~*~*~ (hiding).
 15926 | D:13     | 15926 ||| Stepping ~*~*~tactically~*~*~ (hiding).
 15967 | D:13     | Reached skill level 6 in Throwing
 16027 | D:13     | 16027 ||| Stepping ~*~*~tactically~*~*~ (hiding).
 16070 | D:13     | 16070 ||| INVOKING Heroism.
 16112 | D:13     | 16112 ||| INVOKING Heroism.
 16125 | D:13     | Found a gate to the Vaults.
 16301 | D:13     | Found a portal to a secret trove of treasure.
 16527 | D:13     | 16527 ||| INVOKING Heroism.
 16794 | D:14     | 16794 ||| INVOKING Heroism.
 16888 | D:14     | 16888 ||| Stepping ~*~*~tactically~*~*~ (stealth).
 16890 | D:14     | 16890 ||| Stepping ~*~*~tactically~*~*~ (stealth).
 16897 | D:14     | Reached skill level 15 in Axes
 16900 | D:14     | 16900 ||| INVOKING Heroism.
 16914 | D:14     | Reached skill level 3 in Dodging
 17020 | D:14     | 17020 ||| INVOKING Heroism.
 17035 | D:14     | 17035 ||| Stepping ~*~*~tactically~*~*~ (hiding).
 17036 | D:14     | 17036 ||| Stepping ~*~*~tactically~*~*~ (hiding).
 17059 | D:14     | Reached XP level 15. HP: 105/105 MP: 22/22
 17065 | D:14     | Reached skill level 12 in Fighting
 17503 | D:15     | Entered Level 15 of the Dungeon
 17511 | D:15     | 17511 ||| Stepping ~*~*~tactically~*~*~ (hiding).
 17512 | D:15     | 17512 ||| Stepping ~*~*~tactically~*~*~ (hiding).
 17593 | D:15     | 17593 ||| FLEEEEING.
 17594 | D:15     | 17594 ||| FLEEEEING.
 17595 | D:15     | 17595 ||| Stepping ~*~*~tactically~*~*~ (hiding).
 17628 | D:15     | 17628 ||| INVOKING Heroism.
 17634 | D:15     | Received a gift from Okawaru
 17773 | D:15     | 17773 ||| INVOKING Heroism.
 17774 | D:15     | 17774 ||| INVOKING Finesse.
 17782 | D:15     | 17782 ||| SWAPPING to +2 flail of protection.
 17783 | D:15     | Received a gift from Okawaru
 17784 | D:15     | 17784 ||| SWAPPING to +1 war axe.
 17795 | D:15     | 17795 ||| Stepping ~*~*~tactically~*~*~ (hiding).
 17823 | D:15     | 17823 ||| Stepping ~*~*~tactically~*~*~ (stealth).
 17825 | D:15     | 17825 ||| INVOKING Finesse.
 17827 | D:15     | 17827 ||| SWAPPING to +2 flail of protection.
 17829 | D:15     | 17829 ||| INVOKING Heroism.
 17834 | D:15     | 17834 ||| SWAPPING to +1 war axe.
 17898 | D:15     | 17898 ||| INVOKING Heroism.
 17904 | D:15     | 17904 ||| SWAPPING to +2 flail of protection.
 17910 | D:15     | 17910 ||| SWAPPING to +1 war axe.
 17939 | D:15     | 17939 ||| Stepping ~*~*~tactically~*~*~ (stealth).
 17964 | D:15     | 17964 ||| INVOKING Heroism.
 17967 | D:15     | Reached skill level 16 in Axes
 18033 | D:15     | 18033 ||| Stepping ~*~*~tactically~*~*~ (hiding).
 18107 | D:15     | 18107 ||| Stepping ~*~*~tactically~*~*~ (hiding).
 18538 | D:15     | Found a staircase to the Depths.
 18539 | D:15     | 18539 ||| INVOKING Heroism.
 18813 | D:15     | 18813 ||| PLANNING ORC
 18879 | Orc:1    | Entered Level 1 of the Orcish Mines
 18882 | Orc:1    | 18882 ||| STAIRDANCE
 18896 | Orc:1    | 18896 ||| STAIRDANCE
 18928 | Orc:1    | Found a burning altar of Makhleb.
 19000 | Orc:1    | 19000 ||| Stepping ~*~*~tactically~*~*~ (stealth).
 19008 | Orc:1    | 19008 ||| INVOKING Heroism.
 19014 | Orc:1    | 19014 ||| Stepping ~*~*~tactically~*~*~ (stealth).
 19045 | Orc:1    | 19045 ||| DROPPING +2 flail of protection.
 19070 | Orc:1    | 19070 ||| Stepping ~*~*~tactically~*~*~ (hiding).
 19077 | Orc:1    | 19077 ||| Stepping ~*~*~tactically~*~*~ (hiding).
 19325 | Orc:2    | Entered Level 2 of the Orcish Mines
 19446 | Orc:2    | 19446 ||| INVOKING Heroism.
 19496 | Orc:2    | 19496 ||| Stepping ~*~*~tactically~*~*~ (hiding).
 19515 | Orc:2    | 19515 ||| Stepping ~*~*~tactically~*~*~ (hiding).
 19528 | Orc:2    | 19528 ||| INVOKING Heroism.
 19533 | Orc:2    | 19533 ||| Stepping ~*~*~tactically~*~*~ (hiding).
 19582 | Orc:2    | 19582 ||| INVOKING Heroism.
 19606 | Orc:2    | 19606 ||| SWAPPING to +0 broad axe.
 19607 | Orc:2    | 19607 ||| DROPPING +1 war axe.
 19617 | Orc:2    | 19617 ||| Stepping ~*~*~tactically~*~*~ (hiding).
 19626 | Orc:2    | 19626 ||| INVOKING Heroism.
 19630 | Orc:2    | 19630 ||| DRINKING 10 potions of curing.
 19630 | Orc:2    | 19630 ||| (to cure confusion)
 19630 | Orc:2    | Noticed Saint Roka
 19644 | Orc:2    | Gained mutation: You occasionally lose the ability to read
                  | scrolls when taking damage. [a neqoxec]
 19658 | Orc:2    | HP: 9/105 [orc knight/+2 battleaxe of venom (20)]
 19659 | Orc:2    | 19659 ||| DRINKING 5 potions of heal wounds.
 19661 | Orc:2    | 19661 ||| DRINKING 4 potions of heal wounds.
 19662 | Orc:2    | Received a gift from Okawaru
 19671 | Orc:2    | HP: 15/105 [orc priest/divine providence (16)]
 19672 | Orc:2    | 19672 ||| DRINKING 3 potions of heal wounds.
 19682 | Orc:2    | HP: 21/105 [Saint Roka/divine providence (10)]
 19683 | Orc:2    | 19683 ||| DRINKING 2 potions of heal wounds.
 19684 | Orc:2    | 19684 ||| DRINKING potion of heal wounds.
 19685 | Orc:2    | 19685 ||| INVOKING Heroism.
 19688 | Orc:2    | HP: 8/105 [Saint Roka/divine providence (12)]
 19692 | Orc:2    | Demolished by Saint Roka

Levels and vault maps discovered:
D:1:      roderic_chinese_lattice_arrival, layout_rooms
D:2:      layout_basic, uniq_natasha, uniq_sigmund
D:3:      layout_basic, mainiacjoe_overflow_tiny_flanked,
          nicolae_hepliaklqana_hazy_memory
D:4:      layout_basic, mainiacjoe_overflow_catwalk,
          mainiacjoe_overflow_concentric_impassable, kennysheep_little_box,
          portal_sewer_entry_f, uniq_menkaure
D:5:      layout_basic, minmay_temple_entry_statues_fountains, uniq_ijyb
D:6:      layout_cave_pools, lemuel_crystal_altar, minitemple,
          serial_gnoll_camp, gnoll_camp_mini_basic, gnoll_camp_huts_basic,
          gnoll_camp_mini_sergeant, gnoll_camp_mini_hut
D:7:      layout_cave_pools
D:8:      layout_basic
D:9:      layout_cave_pools, serial_shops, shop, shop, nicolae_wooded_promenade
D:10:     layout_rooms, grunt_lair_entry_orc_guard_hut, nicolae_water_bricks
D:11:     layout_irregular_city, portal_ice_cave_demonic_guard
D:12:     layout_big_octagon, erik_orc_4, kennysheep_boxes, uniq_kirke
D:13:     layout_roguey, erik_vaults_1, enter_trove_3
D:14:     layout_layer_cave, hangedman_decor_points
D:15:     hangedman_depths_entry_try_elsewhere_first, layout_loops_corners,
          serial_glass, glass_columns_a, glass_columns_c, special_room
          [special_room_mythical_zoo], serial_bayou_pond_e
Temple:   hellmonk_temple_forest_ring
Lair:1:   layout_cave_pods, ebering_ghost_funeral_grove, beast_lair_carwin_6,
          uniq_erica
Lair:2:   layout_loops_ring, shoals_dummy_entry, lemuel_fruit_tree
Lair:3:   lemuel_reptile_caves, layout_cave_pods,
          nicolae_spider_entry_tight_spaces
Lair:4:   layout_regular_city, infiniplex_staircase_pool_2
Lair:5:   gammafunk_lair_ancient_temple, layout_regular_city,
          nicolae_slime_entry_field_trip
Orc:1:    layout_caves, bloody_makhleb
Orc:2:    grunt_orc_cross, layout_caves, serial_shops,
          nicolae_shop_window_shopping, uniq_saint_roka

Skill      XL: |  1  2  3  4  5  6  7  8  9 10 11 12 13 14 15 |
---------------+----------------------------------------------+-----
Axes           | 2 3 5 6 7 8 9 10 11 12 14 15 16 | 16.1
Fighting       | 4 5 6 7 8 9 10 11 12 | 12.0
Throwing       | 1 4 6 |  6.0
Armour         | 4 5 6 7 8 9 10 11 | 11.0
Dodging        | 1 3 |  3.0
Shields        | 6 9 10 11 12 13 | 13.0
Invocations    | 4 6 10 | 10.0

Action                     |  1- 3 |  4- 6 |  7- 9 | 10-12 | 13-15 || total
---------------------------+-------+-------+-------+-------+-------++-------
  Melee: War axe           |    79 |   102 |   497 |   784 |  1243 ||  2705
         Unarmed           |       |       |    13 |       |       ||    13
         Flail             |       |       |       |       |    44 ||    44
         Broad axe         |       |       |       |       |    61 ||    61
  Throw: Boomerang         |       |    16 |   137 |    36 |    50 ||   239
         Javelin           |       |       |       |    73 |   150 ||   223
 Invoke: Heroism           |       |       |     6 |    24 |    32 ||    62
         Finesse           |       |       |       |       |     9 ||     9
    Use: Potion            |     4 |       |     4 |     4 |     8 ||    20
         Scroll            |     1 |     6 |     7 |     5 |     3 ||    22
 Armour: Scale mail        |    39 |    19 |       |       |       ||    58
         Plate armour      |       |    18 |       |       |       ||    18
         Storm dragon scal |       |     3 |   406 |   444 |   520 ||  1373
         Skin              |       |       |     2 |       |       ||     2
  Dodge: Dodged            |    33 |    31 |   192 |   346 |   421 ||  1023
  Block: Buckler           |    12 |    14 |    67 |       |       ||    93
         Kite shield       |       |       |    14 |   557 |   886 ||  1457
         Reflection        |       |       |       |       |    27 ||    27

Table legend:
 A = Non-vault XP
 B = Vault XP
 C = Vault XP percentage of total XP
 D = Non-vault monster count
 E = Vault monster count
 F = Vault count percentage of total count
                 A         B        C        D         E       F
            +---------+---------+-------+---------+---------+-------
      Total |   83198 |   34258 |  29.2 |     465 |     220 |  32.1
            +---------+---------+-------+---------+---------+-------
        D:1 |      27 |       0 |   0.0 |      19 |       0 |   0.0
        D:2 |     110 |     249 |  69.4 |      21 |       2 |   8.7
        D:3 |      62 |       0 |   0.0 |      20 |       0 |   0.0
        D:4 |     521 |     175 |  25.1 |      27 |       6 |  18.2
        D:5 |     792 |      38 |   4.6 |      26 |       1 |   3.7
        D:6 |     770 |     735 |  48.8 |      12 |      24 |  66.7
        D:7 |     602 |       0 |   0.0 |      12 |       0 |   0.0
        D:8 |     786 |       0 |   0.0 |      18 |       0 |   0.0
        D:9 |    1434 |       0 |   0.0 |      20 |       0 |   0.0
       D:10 |    2022 |     397 |  16.4 |      20 |       4 |  16.7
       D:11 |    2246 |     676 |  23.1 |      12 |       2 |  14.3
       D:12 |    4906 |    2662 |  35.2 |      19 |      20 |  51.3
       D:13 |    7061 |    1654 |  19.0 |      22 |       2 |   8.3
       D:14 |   12428 |       0 |   0.0 |      28 |       0 |   0.0
       D:15 |    8026 |    8990 |  52.8 |      24 |      28 |  53.8
     Lair:1 |    4534 |    1293 |  22.2 |      24 |       5 |  17.2
     Lair:2 |    4230 |       0 |   0.0 |      20 |       0 |   0.0
     Lair:3 |    5230 |    4793 |  47.8 |      22 |      42 |  65.6
     Lair:4 |    6497 |       0 |   0.0 |      14 |       0 |   0.0
     Lair:5 |   14795 |    7883 |  34.8 |      32 |      20 |  38.5
      Orc:1 |    3708 |       0 |   0.0 |      24 |       0 |   0.0
      Orc:2 |    2411 |    4553 |  65.4 |      29 |      25 |  46.3
      Sewer |       0 |     160 | 100.0 |       0 |      39 | 100.0
            +---------+---------+-------+---------+---------+-------
